Map: Blackpink LE

Players

rafapras - Winner!

  • Race: Protoss Protoss
  • League: Diamond
  • Spawn Location: 1:00

Cabrito

  • Race: Protoss Protoss
  • League: Diamond
  • Spawn Location: 7:00

VOD

Have the link to the VOD?

Description

Time

  • Played on: Dec. 2, 2017, 7:44 a.m.
  • Length: 6:14
Show
View Real Time Build Order
Export as new Build Order

rafapras Protoss - Winner!

Build Orders:  

Get SALT Encoding   

  12  0:01  Probe  
  13  0:14  Probe  
  14  0:19  Pylon  
  14  0:26  Probe  
  15  0:38  Probe  
  15  0:39  Gateway  
  16  0:50  Probe (Chrono Boost), Assimilator  
  16  0:57  Assimilator  
  17  1:02  Probe (Chrono Boost)  
  18  1:10  Probe (Chrono Boost)  
  19  1:16  Probe  
  20  1:29  Cybernetics Core  
  20  1:32  Gateway  
  20  1:35  Probe (Chrono Boost)  
  22  1:47  Probe (Chrono Boost)  
  22  1:50  Pylon  
  22  1:59  Pylon  
  22  2:07  Warp Gate (Chrono Boost)  
  22  2:20  Stalker x2  
  26  2:29  Shield Battery  
  26  2:33  Probe  
  27  2:50  Stalker x2  
  31  3:05  Nexus  
  31  3:11  Pylon  
  31  3:26  Robotics Facility  
  31  3:49  Shield Battery  
  31  3:51  Pylon  
  31  3:53  Shield Battery  
  31  3:55  Probe  
  30  4:13  Adept  
  30  4:14  Stalker  
  30  4:30  Immortal (Chrono Boost)  
  34  4:35  Stalker  
  36  4:39  Stalker  
  36  4:40  Probe  
  39  5:03  Shield Battery  
  37  5:17  Stalker x2  
  39  5:26  Immortal (Chrono Boost)  
  39  5:28  Probe  
  42  5:31  Probe  
  43  5:40  Probe  
  44  5:43  Probe  
  44  5:45  Stalker x2  
  45  5:52  Probe  
  45  5:55  Probe  
Show
View Real Time Build Order
Export as new Build Order

Cabrito Protoss 

Build Orders:  

Get SALT Encoding   

  12  0:01  Probe  
  13  0:13  Probe  
  14  0:18  Pylon  
  14  0:25  Probe  
  15  0:37  Probe (Chrono Boost)  
  15  0:38  Gateway  
  16  0:48  Assimilator  
  16  0:49  Probe (Chrono Boost)  
  17  0:51  Probe  
  18  0:58  Assimilator  
  18  1:04  Probe  
  19  1:09  Pylon  
  19  1:16  Probe  
  20  1:28  Probe, Cybernetics Core  
  21  1:40  Probe  
  21  1:43  Zealot  
  24  1:53  Probe  
  25  2:04  Warp Gate (Chrono Boost)  
  25  2:06  Probe  
  26  2:10  Stalker  
  28  2:27  Pylon  
  28  2:31  Gateway  
  28  2:32  Gateway  
  28  2:36  Gateway  
  28  2:43  Pylon  
  28  2:44  Sentry  
  30  3:12  Pylon  
  30  3:26  Pylon  
  30  3:52  Stalker x4  
  32  4:28  Stalker x2  
  32  4:29  Stalker x2  
  38  4:51  Stalker  
  38  4:52  Stalker x3  
  38  5:17  Stalker x2  
  38  5:18  Stalker x2  
  28  5:46  Stalker x3  
  28  5:47  Stalker  
Tags
 
Matchup
PvP
Spawn Locations
Cross Positions
Add a new tag
Caveats
  • Supply blocks, unpowered buildings, or Contaminate may cause inaccurate times.
  • Supply counts are checked every 10 seconds.